 Dungeon Crawl Stone Soup version 0.19.5 (webtiles) character file.

1362 miragecloak the Poker (level 8, -3/67 HPs)
             Began as a Formicid Abyssal Knight on Apr 18, 2017.
             Was an Elder of Lugonu.
             Slain by a vampire mosquito (5 damage)
             ... on level 15 of the Dungeon.
             The game lasted 00:12:09 (7015 turns).

miragecloak the Poker (Formicid Abyssal Knight)     Turns: 7015, Time: 00:12:11

Health: -3/67      AC:  4    Str: 17    XL:     8   Next: 96%
Magic:  12/12      EV: 11    Int: 12    God:    Lugonu [****..]
Gold:   336        SH:  0    Dex: 12    Spells: 0 memorised, 7 levels left

rFire  . . .     SeeInvis +     D - +0 trident
rCold  . . .     Gourm    .     b - +0 leather armour
rNeg   . . .     Faith    .     (no shield)
rPois  .         Spirit   .     (helmet unavailable)
rElec  .         Reflect  .     y - +0 cloak
rCorr  .         Harm     .     (no gloves)
MR     .....                    (no boots)
Stlth  +.........               (no amulet)
                                A - ring of teleportation (curse)
                                k - +4 ring of slaying

@: no status effects
A: permanent stasis, dig shafts and tunnels, four strong arms, antennae 3
a: Dig, Shaft Self, Depart the Abyss, Bend Space, Banish, Corrupt, Renounce
Religion


You were on level 15 of the Dungeon.
You worshipped Lugonu.
Lugonu was greatly pleased with you.
You were hungry.

You visited 1 branch of the dungeon, and saw 10 of its levels.
You visited the Abyss 1 time.

You collected 336 gold pieces.

Inventory:

Hand Weapons
 a - a +1 spear
 D - a +0 trident (weapon)
Armour
 b - a +0 leather armour (worn)
 p - a +0 large shield
 y - a +0 cloak (worn)
 E - a +0 scale mail of magic resistance
Jewellery
 k - a +4 ring of slaying (left hand)
 q - an uncursed ring of wizardry
 w - an uncursed amulet of rage
 x - a +3 ring of evasion
 A - a cursed ring of teleportation (right hand)
 F - an uncursed ring of protection from cold
 M - a +5 ring of evasion
Scrolls
 j - 5 scrolls of teleportation {unknown}
 m - 2 scrolls of immolation {unknown}
 n - 7 scrolls of remove curse {unknown}
 r - 7 scrolls of identify {unknown}
 s - 3 scrolls of magic mapping {unknown}
 u - a scroll of blinking {unknown}
 G - a scroll of random uselessness {unknown}
 H - 2 scrolls of fear {unknown}
 K - a scroll of fog {unknown}
 N - a scroll of noise {unknown}
 P - a scroll of brand weapon {unknown}
Potions
 d - a potion of curing
 e - a potion of haste {unknown}
 h - a potion of magic {unknown}
 i - a potion of heal wounds {unknown}
 o - 2 potions of agility {unknown}
 t - a potion of degeneration {unknown}
 v - 2 potions of cancellation {unknown}
 z - 2 potions of mutation {unknown}
 B - 2 potions of berserk rage {unknown}
 C - 2 potions of resistance {unknown}
 I - a potion of cure mutation {unknown}
 J - a potion of lignification {unknown}
 L - 2 potions of flight {unknown}
 O - a potion of invisibility {unknown}
Comestibles
 c - 6 bread rations
 f - 3 meat rations
 g - a royal jelly
 l - a beef jerky


   Skills:
 + Level 7.2 Fighting
 * Level 7.3 Polearms
 - Level 2.1 Armour
 - Level 0.8 Dodging
 - Level 6.0 Invocations


You had 7 spell levels left.
You didn't know any spells.

Dungeon Overview and Level Annotations

Branches:
Dungeon (12/15)
 Temple: D:4-7         Lair: D:8-11         Orc: D:9-12

Altars:
Nemelex Xobeh
Trog


Innate Abilities, Weirdness & Mutations

You are under a permanent stasis effect.
You can dig through walls and to a lower floor.
Your four strong arms can wield two-handed weapons with a shield.
You have a pair of large antennae on your head. (SInv)


Message History

Attack whom?
Press: ? - help, Dir - move target cursor, f/p - vampire mosquito
Aim: a vampire mosquito (lightly damaged)
You hit the vampire mosquito but do no damage.
The vampire mosquito is lightly damaged.
The vampire mosquito bites you.
* * * LOW HITPOINT WARNING * * *
The vampire mosquito draws strength from your injuries!
The vampire mosquito misses you.
You miss the vampire mosquito.
The vampire mosquito is lightly damaged.
The vampire mosquito bites you.
* * * LOW HITPOINT WARNING * * *
The vampire mosquito draws strength from your injuries!
The vampire mosquito bites you.
* * * LOW HITPOINT WARNING * * *
The vampire mosquito draws strength from your injuries!
The vampire mosquito completely misses you.
The vampire mosquito bites you.
You die...

...(.....#
.$.......#
...?.....#
.........#
.........#
.........#
#.......#
#.....yy#
#......@#
#.......#
#.......#
#..!....#
#.......#
#.......#
#.....(.#
#.......#


You could see 2 vampire mosquitoes.

Vanquished Creatures
  A wraith (D:11)
  A sky beast (D:5)
  An ice beast (D:6)
  A phantom (D:5)
  A bullfrog (D:12)
  A howler monkey (D:6)
  A crimson imp (D:11)
  A centaur zombie (D:6)
  A quasit (D:5)
  A hound (D:6)
  4 orc wizards (D:4)
  5 orc priests
  2 iguanas (D:4)
  3 worker ants
  A killer bee zombie (D:5)
  2 hound zombies
  12 adders
  3 river rats (D:11)
  An ooze (D:1)
  An adder skeleton (D:5)
  3 worms
  5 dart slugs
  4 leopard geckos
  14 orcs
  2 giant cockroaches
  9 goblins
  10 hobgoblins
  3 jackals (D:11)
  8 kobolds
  3 quokkas
  13 bats
  8 frilled lizards
  A jackal skeleton (D:4)
  A leopard gecko zombie (D:5)
  3 quokka skeletons
  19 rats
150 creatures vanquished.

Vanquished Creatures (others)
  12 fungi (D:11)
  6 plants
18 creatures vanquished.

Grand Total: 168 creatures vanquished

Notes
Turn   | Place    | Note
-------+----------+-------------------------------------------
     0 | Abyss:1  | miragecloak the Formicid Abyssal Knight began the quest for the Orb.
     0 | Abyss:1  | Reached XP level 1. HP: 18/18 MP: 2/2
     0 | D:1      | Escaped the Abyss
    38 | D:1      | Reached * piety under Lugonu
    41 | D:1      | Reached XP level 2. HP: 24/24 MP: 3/3
   477 | D:1      | Reached XP level 3. HP: 26/29 MP: 4/4
  1015 | D:2      | Reached XP level 4. HP: 21/35 MP: 5/5
  1422 | D:2      | Reached ** piety under Lugonu
  2314 | D:2      | Reached XP level 5. HP: 41/41 MP: 7/7
  2513 | D:3      | Found a sparkling altar of Nemelex Xobeh.
  3258 | D:4      | Reached XP level 6. HP: 39/47 MP: 9/9
  3259 | D:4      | Reached skill level 5 in Polearms
  3663 | D:4      | Reached *** piety under Lugonu
  3934 | D:4      | Reached XP level 7. HP: 52/52 MP: 10/10
  4151 | D:4      | HP: 2/52 [orc priest/divine providence (15)]
  4933 | D:4      | Found a bloodstained altar of Trog.
  5087 | D:5      | Entered Level 5 of the Dungeon
  5509 | D:5      | Reached skill level 5 in Fighting
  5509 | D:5      | Reached XP level 8. HP: 52/63 MP: 11/11
  6242 | D:6      | You fall through a shaft for 2 floors!
  6245 | D:8      | You fall through a shaft for 3 floors!
  6245 | D:11     | Noticed a wraith
  6270 | D:11     | Killed a wraith
  6270 | D:11     | Reached skill level 5 in Invocations
  6564 | D:11     | Reached **** piety under Lugonu
  6716 | D:11     | Noticed a wraith
  6983 | D:12     | Noticed a spiny frog
  7005 | D:12     | Noticed a black mamba
  7005 | D:12     | a spiny frog changed into a black mamba
  7007 | D:12     | HP: 3/67 [black mamba (shapeshifter) (5)]
  7008 | D:12     | You fall through a shaft for 3 floors!
  7008 | D:15     | Entered Level 15 of the Dungeon
  7008 | D:15     | HP: 1/67 [poisoned by a black mamba]
  7015 | D:15     | HP: 2/67 [vampire mosquito (6)]
  7015 | D:15     | Slain by a vampire mosquito

Skill      XL: |  1  2  3  4  5  6  7  8 |
---------------+-------------------------+-----
Polearms       | 3 4 6 7 |  7.3
Invocations    | 3 4 6 |  6.0
Fighting       | 5 7 |  7.2
Armour         | |  2.1
Dodging        | |  0.8

Action                   |  1- 3 |  4- 6 |  7- 9 || total
-------------------------+-------+-------+-------++-------
Melee: Spear             |    78 |   141 |       ||   219
       Trident           |       |    64 |   258 ||   322
Invok: Depart the Abyss  |     1 |       |       ||     1
 Abil: Shaft Self        |       |       |     3 ||     3
       Dig               |       |       |     2 ||     2
  Use: Potion            |       |       |     1 ||     1
 Stab: Sleeping          |       |       |     1 ||     1
       Distracted        |       |       |     1 ||     1
  Eat: Chunk             |       |    10 |    10 ||    20
Armor: Leather armour    |    11 |    28 |    61 ||   100
Dodge: Dodged            |    27 |    62 |   121 ||   210
